 Dungeon Crawl Stone Soup version 0.27-a0-906-g0a00ce863d (webtiles) character file.

Game seed: 13993106169927581357

261 Lanoc the Ducker (level 5, 0/57 HPs)
             Began as a Draconian Summoner on Apr 6, 2021.
             Was a Believer of Trog.
             Slain by an adder (1 damage)
             ... in a sewer.
             The game lasted 00:04:48 (2959 turns).

Lanoc the Ducker (Draconian Summoner)               Turns: 2959, Time: 00:04:49

Health: 0/57       AC:  5    Str: 10    XL:     5   Next: 96%
Magic:  8/8        EV: 10    Int: 16    God:    Trog [**....]
Gold:   76         SH:  0    Dex: 12    Spells: 5/8 levels left

rFire    . . .     SeeInvis .   b - +0 dagger
rCold    . . .     Faith    .   (no shield)
rNeg     . . .     Spirit   .   (armour unavailable)
rPois    .         Reflect  .   (helmet restricted)
rElec    .         Harm     .   (no cloak)
rCorr    .         Rampage  .   (no gloves)
Will     .....                  (no boots)
Stlth    ..........             (no amulet)
HPRegen  0.19/turn              (no ring)
MPRegen  0.11/turn              (no ring)

@: berserking, lethally poisoned (0 -> -6), constricted, very quick
A: AC +5, unfitting armour, cold-blooded
a: Renounce Religion, Berserk, Trog's Hand


You were in a sewer.
You worshipped Trog.
Trog was pleased with you.
You visited 1 branch of the dungeon, and saw 3 of its levels.
You also visited: Sewer.

You collected 76 gold pieces.

Inventory:

Hand Weapons
 b - a +0 dagger (weapon)
Scrolls
 a - a scroll of identify
 i - a scroll of magic mapping
 j - 3 scrolls of teleportation {unknown}
 k - 2 scrolls of fog {unknown}
Potions
 c - a potion of might {unknown}
 d - a potion of magic {unknown}
 e - a potion of flight
 f - a potion of heal wounds {unknown}
 g - a potion of haste {unknown}
 h - a potion of berserk rage {unknown}


   Skills:
 + Level 5.4 Dodging
 - Level 1.7 Stealth
 - Level 2.0 Spellcasting
 - Level 4.5 Summonings


You had 5 spell levels left.
You knew the following spells:

 Your Spells              Type           Power      Damage    Failure   Level
a - Summon Small Mammal   Summ           64%        N/A       3%          1
b - Call Imp              Summ           16%        N/A       4%          2

Your spell library contained the following spells:

 Spells                   Type           Power      Damage    Failure   Level
 Call Canine Familiar     Summ           16%        N/A       10%         3
 Summon Guardian Golem    Hex/Summ       8%         N/A       24%         3
 Summon Ice Beast         Ice/Summ       8%         N/A       63%         4
 Summon Lightning Spire   Summ/Air       8%         N/A       63%         4


Dungeon Overview and Level Annotations

Branches:
Dungeon (3/15)              Sewer (1/1)

Altars:
Trog

Annotations:
D:3 3 runed translucent doors, Hasart's ghost, amateur DgFi


Innate Abilities, Weirdness & Mutations

Your plain brown scales are hard. (AC +5)
You cannot fit into any form of body armour.
You are cold-blooded and may be slowed by cold attacks.


Message History

The bullfrog is severely wounded.
You feel sick. The bullfrog hits you.
The ball python bites you but does no damage.
The ball python constricts you. The adder closely misses you.
The adder bites you.
The ball python bites you but does no damage.
You hit the bullfrog. You tail-slap the bullfrog.
You kill the bullfrog!
Trog accepts your kill.
The ball python barely misses you. x2; The adder bites you but does no damage.
The ball python barely misses you. The ball python constricts you.
The adder misses you.
Your Dodging skill increases to level 5!
You closely miss the bullfrog.
You feel sick. The bullfrog barely misses you. The ball python bites you.
The ball python bites you but does no damage. x3
The ball python constricts you. The adder closely misses you.
The adder bites you.
* * * LOW HITPOINT WARNING * * *
You are more poisoned.
The adder poisons you!
You hit the bullfrog.
The bullfrog is lightly wounded.
You feel sick. The bullfrog hits you.
* * * LOW HITPOINT WARNING * * *
The ball python bites you but does no damage. x2
The ball python barely misses you. The ball python misses you.
* * * LOW HITPOINT WARNING * * *
The ball python constricts you. The adder barely misses you.
The adder bites you but does no damage.
You hit the bullfrog. You tail-slap the bullfrog!
The bullfrog is almost dead.
You feel sick. The bullfrog hits you.
* * * LOW HITPOINT WARNING * * *
The ball python closely misses you.
The ball python bites you but does no damage.
The ball python closely misses you. The bullfrog hits you!
* * * LOW HITPOINT WARNING * * *
The adder bites you.
You die...

###################
###..≈≈≈≈≈≈≈≈SSS≈≈≈≈#...
##....≈≈≈≈≈#≈S@S#≈≈≈≈....
#.....≈≈≈≈≈≈≈SFS≈≈≈≈≈≈...
#.....≈≈≈≈≈≈≈≈S≈≈≈≈≈≈≈...
##....≈≈≈≈≈≈≈≈≈≈≈≈≈≈≈≈≈...
#.....#≈≈≈≈≈≈≈≈≈≈≈≈≈≈≈#...
#....################## #+
##...#### #.†..#..#
#....'..#


You could see a bullfrog, 2 adders and 6 ball pythons.

Vanquished Creatures
  A bullfrog (Sewer)
  An orc priest (D:2)
  An orc wizard (D:2)
  6 adders
  3 river rats (Sewer)
  An orc (D:2)
  An endoplasm (D:1)
  2 giant cockroaches
  5 goblins
  2 hobgoblins
  3 jackals (D:3)
  3 kobolds
  A quokka (D:3)
  9 ball pythons
  2 bats
  6 frilled lizards
  27 rats
74 creatures vanquished.

Vanquished Creatures (collateral kills)
  2 endoplasms
  A goblin (D:1)
  A hobgoblin (D:2)
  A rat (D:2)
5 creatures vanquished.

Grand Total: 79 creatures vanquished

Notes
Turn   | Place    | Note
-------+----------+-------------------------------------------
     0 | D:1      | Lanoc the Draconian Summoner began the quest for the Orb.
     0 | D:1      | Reached XP level 1. HP: 14/14 MP: 3/3
   121 | D:1      | Reached skill level 2 in Dodging
   320 | D:1      | Reached XP level 2. HP: 16/20 MP: 3/5
   464 | D:1      | Learned a level 2 spell: Call Imp
  1240 | D:2      | Found a faded altar of an unknown god.
  1247 | D:2      | Became a worshipper of Trog the Wrathful
  1247 | D:2      | Reached * piety under Trog
  1413 | D:2      | Reached skill level 3 in Dodging
  1413 | D:2      | Reached XP level 3. HP: 11/26 MP: 6/6
  1421 | D:2      | Reached XP level 4. HP: 9/33 MP: 7/7
  2066 | D:3      | Found a runed translucent gate.
  2066 | D:3      | Found a runed translucent gate.
  2066 | D:3      | Found a runed translucent gate.
  2071 | D:3      | Noticed Hasart's ghost (amateur DgFi)
  2142 | D:3      | Reached skill level 4 in Dodging
  2170 | D:3      | Found a glowing drain.
  2217 | Sewer    | Entered a sewer
  2379 | Sewer    | Reached ** piety under Trog
  2385 | Sewer    | Reached XP level 5. HP: 38/38 MP: 8/8
  2957 | Sewer    | Reached skill level 5 in Dodging
  2959 | Sewer    | HP: 1/57 [bullfrog (7)]
  2959 | Sewer    | Slain by an adder

Illustrated notes

Levels and vault maps discovered:
D:1:      sevenhm_arrival_forest_fort_small_5, layout_basic
D:2:      minmay_door_path, layout_rooms, ebering_ecumenical_altar_mist
D:3:      layout_loops_cross, gammafunk_ghost_necromancy, portal_sewer_entry_a,
          serial_shops, shop, minmay_joined_circles
Sewer:    sewer_minmay_w

Skill      XL: |  1  2  3  4  5 |
---------------+----------------+-----
Dodging        | 2 3 4 5 |  5.4
Stealth        | |  1.7
Spellcasting   | |  2.0
Summonings     | |  4.5

Action                   |  1- 3 |  4- 6 || total
-------------------------+-------+-------++-------
Melee: Unarmed           |    20 |       ||    20
       Dagger            |    46 |   184 ||   230
       Tailslap          |     5 |    16 ||    21
 Cast: Summon Small Mamm |     9 |       ||     9
       Call Imp          |     4 |       ||     4
Invok: Berserk           |     1 |     8 ||     9
  Use: Scroll            |       |     3 ||     3
 Stab: Sleeping          |     1 |     2 ||     3
Armor: Skin              |    20 |    77 ||    97
Dodge: Dodged            |    37 |   219 ||   256

Table legend: (Time is in decaauts)
 A = Elapsed time spent in this place.
 B = Non-inter-level travel time spent in this place.
 C = Inter-level travel time spent in this place.
 D = Time resting spent in this place.
 E = Time spent auto-exploring this place.
 F = Levels seen in this place.
 G = Mean time per level.
                   A        B        C        D        E       F      G
               +--------+--------+--------+--------+--------+-----+--------+
         Total |   3067 |   3007 |     60 |    411 |   1922 |   4 |  766.8 |
       Dungeon |   2239 |   2179 |     60 |     10 |   1805 |   3 |  746.3 |
         Sewer |    827 |    827 |      0 |    401 |    116 |   1 |  827.0 |
               +--------+--------+--------+--------+--------+-----+--------+

Top non-repeatable levels by time:
     D:2: 1073 daAuts
     D:1: 1009 daAuts
   Sewer: 827 daAuts
     D:3: 156 daAuts
